 Dungeon Crawl Stone Soup version 0.21.0-24-g2553a3340b (webtiles) character file.

1498 Lektor the Ruffian (level 8, -8/64 HPs)
             Began as a Naga Transmuter on Jan 22, 2018.
             Mangled by an ice beast (12 damage)
             ... on level 5 of the Dungeon.
             The game lasted 00:20:53 (6521 turns).

Lektor the Ruffian (Naga Transmuter)                Turns: 6521, Time: 00:20:54

Health: -8/64      AC:  2    Str: 11    XL:     8   Next: 81%
Magic:  8/11       EV: 19    Int: 22    God:
Gold:   115        SH:  0    Dex: 17    Spells: 5/11 levels left

rFire    . . .     SeeInvis +     - Unarmed
rCold    . . .     Gourm    .   (shield currently unavailable)
rNeg     . . .     Faith    .   (armour currently unavailable)
rPois    x         Spirit   .   (helmet currently unavailable)
rElec    .         Reflect  .   (cloak currently unavailable)
rCorr    .         Harm     .   (gloves currently unavailable)
MR       +....                  (no barding)
Stlth    ++........             (no amulet)
HPRegen  0.20/turn              (no ring)
MPRegen  0.12/turn              (no ring)

@: brilliant, spider-form
A: tiny, see invisible, clever 1, slow metabolism 1, spit poison 1, weak 1, AC
+2
a: Spit Poison, End Transformation


You were on level 5 of the Dungeon.
You were hungry.
You were a venomous arachnid creature.
You visited 1 branch of the dungeon, and saw 5 of its levels.

You collected 115 gold pieces.

Inventory:

Hand Weapons
 e - a +0 hunting sling
 q - a +0 hunting sling
 t - a +1 dagger of draining
 y - a +0 hand axe
 B - a +2 quarterstaff of chaos
 G - a +0 shortbow
Missiles
 a - 35 arrows
 j - 417 stones (quivered)
 l - 55 bolts
 u - 38 sling bullets
 w - 2 tomahawks
 C - 8 poisoned needles
Armour
 b - a +0 robe (melded)
 f - a +0 pair of gloves
 h - a +2 naga barding (melded)
 D - a +0 cloak
 F - a +4 scale mail
Jewellery
 k - a +3 amulet of reflection {unknown}
Wands
 m - a wand of polymorph (12)
 z - a wand of paralysis (11)
Scrolls
 g - a scroll of immolation {unknown}
 n - a scroll of remove curse {unknown}
 o - 3 scrolls of identify
 p - 3 scrolls of teleportation
 x - a scroll of amnesia {unknown}
 A - 2 scrolls of blinking {unknown}
Potions
 i - a potion of resistance
 s - a potion of brilliance
 E - 2 potions of curing
Books
 c - a book of Changes

   Spells                             Type                      Level
   a - Beastly Appendage              Transmutation                1
   b - Sticks to Snakes               Transmutation                2
   c - Spider Form                    Transmutation/Poison         3
   d - Ice Form                       Ice/Transmutation            4
   e - Blade Hands                    Transmutation                5
 v - a book of Conjurations

   Spells                             Type                      Level
   a - Magic Dart                     Conjuration                  1
   b - Searing Ray                    Conjuration                  2
   c - Dazzling Spray                 Conjuration/Hexes            3
   d - Fulminant Prism                Conjuration/Hexes            4
   e - Force Lance                    Conjuration/Translocation    4
   f - Iskenderun's Mystic Blast      Conjuration                  4
Comestibles
 d - 8 rations
 r - 6 chunks of flesh


   Skills:
 - Level 1.0 Fighting
 - Level 2.0 Dodging
 + Level 7.1 Unarmed Combat
 - Level 2.3 Spellcasting
 + Level 6.8 Transmutations
 + Level 6.2 Poison Magic


You had 5 spell levels left.
You knew the following spells:

 Your Spells              Type           Power        Failure   Level  Hunger
a - Beastly Appendage     Tmut           #####.       1%          1    None
b - Sticks to Snakes      Tmut           #####...     1%          2    ##.....
c - Spider Form           Tmut/Pois      #####.....   1%          3    ###....


Dungeon Overview and Level Annotations

Branches:
Dungeon (5/15)
 Temple: D:4-7

Altars:
Okawaru
Qazlal
Trog
The Shining One


Innate Abilities, Weirdness & Mutations

You cannot wear boots.
((Your serpentine skin is tough. (AC +2)))
You have supernaturally acute eyesight. (SInv)
((Armour fits poorly on your strangely shaped body.))
((Your system is resistant to poisons. (rPois)))
((You cover ground very slowly.))
You have a slow metabolism.
You can spit poison.
((You are partially covered in molten scales. (AC +2)))
Your mind is acute. (Int +2)
You are weak. (Str -2)


Message History

The ice beast is almost dead.
The ice beast hits you.
* * * LOW HITPOINT WARNING * * *
The ice beast freezes you!
* * * LOW HITPOINT WARNING * * *
It was a potion of brilliance.
You feel clever all of a sudden.
The ice beast hits you but does no damage.
Casting: Beastly Appendage
Confirm with . or Enter, or press ? or * to list all spells.
Your horns disappear.
You turn into a venomous arachnid creature.
Your +2 naga barding melds into your body.
Your +0 robe melds into your body.
The ice beast completely misses you.
You hit the ice beast but do no damage.
The ice beast is almost dead.
The ice beast hits you.
* * * LOW HITPOINT WARNING * * *
The ice beast freezes you!
You die...

#.##.......#...###
#.##.#####.#...'^##
#.##.# #.#######.
#.##.#####.# ##
#.##.......# ##
#.##..####.# #.
##..........#######.
#......####.........
#.>s#...###.#######.
#...Y.#.....# #.
#.#.#...##### #.
##.#.##.####### #.
##...........Z(######)
#.#.........(......))†
##....########.#######
##.#.## #####.# #
#..#.# #.....# #


You could see an ice beast.

Vanquished Creatures
  Pikel (D:5)
  Sigmund (D:2)
  The ghost of humperndinck the Ducker, an amateur DsGl (D:3)
  A sky beast (D:3)
  A slave (D:5)
  The ghost of yebiwe the Covered, an amateur MiFi (D:4)
  A gnoll shaman (D:4)
  An orc priest (D:5)
  3 hounds
  Crazy Yiuf (D:4)
  Jessica (D:2)
  An iguana (D:4)
  3 orc wizards
  2 worker ants
  6 adders
  4 gnolls
  An ooze (D:1)
  3 dart slugs (D:1)
  4 leopard geckos
  13 orcs
  10 bats
  5 giant cockroaches
  19 goblins
  6 hobgoblins
  5 jackals
  A ball python (D:1)
  10 frilled lizards
  A jackal skeleton (D:4)
  5 kobolds
  5 rats
117 creatures vanquished.

Vanquished Creatures (others)
  3 slaves (D:5)
  A centaur (D:5)
  A ball python (D:5)
5 creatures vanquished.

Grand Total: 122 creatures vanquished

Notes
Turn   | Place    | Note
-------+----------+-------------------------------------------
     0 | D:1      | Lektor the Naga Transmuter began the quest for the Orb.
     0 | D:1      | Reached XP level 1. HP: 18/18 MP: 3/3
    49 | D:1      | Reached XP level 2. HP: 7/25 MP: 3/5
  1107 | D:1      | Reached XP level 3. HP: 31/31 MP: 4/6
  1111 | D:1      | Learned a level 2 spell: Sticks to Snakes
  1115 | D:1      | Learned a level 3 spell: Spider Form
  1643 | D:2      | Noticed Jessica
  1751 | D:2      | Killed Jessica
  1751 | D:2      | Reached XP level 4. HP: 25/38 MP: 0/7
  1972 | D:2      | Reached skill level 4 in Unarmed Combat
  2030 | D:2      | Reached XP level 5. HP: 30/44 MP: 4/8
  2391 | D:2      | Noticed Sigmund
  2406 | D:2      | Killed Sigmund
  2406 | D:2      | Reached skill level 5 in Unarmed Combat
  2406 | D:2      | Reached XP level 6. HP: 30/51 MP: 6/9
  2781 | D:3      | Found a bloodstained altar of Trog.
  2922 | D:3      | Found an iron altar of Okawaru.
  2923 | D:3      | Noticed humperndinck's ghost (amateur DsGl)
  2989 | D:4      | Reached skill level 1 in Poison Magic
  3102 | D:4      | Noticed yebiwe's ghost (amateur MiFi)
  3465 | D:3      | Noticed a sky beast
  3472 | D:3      | Killed a sky beast
  3472 | D:3      | Reached skill level 5 in Transmutations
  3472 | D:3      | Reached XP level 7. HP: 47/57 MP: 6/10
  3534 | D:3      | Killed humperndinck's ghost
  4176 | D:3      | Found a stormy altar of Qazlal.
  4180 | D:3      | Noticed a fire elemental
  4181 | D:3      | Noticed an air elemental
  4181 | D:3      | Noticed a water elemental
  4184 | D:3      | Found a glowing golden altar of the Shining One.
  4648 | D:4      | Killed yebiwe's ghost
  4648 | D:4      | Reached skill level 6 in Unarmed Combat
  5131 | D:4      | Gained mutation: You are weak. (Str -2) [potion of mutation]
  5131 | D:4      | Gained mutation: You have a pair of small horns on your head. [potion of mutation]
  5136 | D:4      | Reached XP level 8. HP: 4/64 MP: 9/11
  5694 | D:4      | Found a runed door.
  5700 | D:4      | Noticed Crazy Yiuf
  5705 | D:4      | Killed Crazy Yiuf
  6028 | D:5      | Entered Level 5 of the Dungeon
  6041 | D:5      | Noticed Pikel
  6058 | D:5      | Killed Pikel
  6058 | D:5      | Reached skill level 5 in Poison Magic
  6080 | D:5      | Reached skill level 7 in Unarmed Combat
  6343 | D:5      | Lost mutation: You have a pair of small horns on your head. [potion of mutation]
  6343 | D:5      | Gained mutation: You are partially covered in molten scales. (AC +2) [potion of mutation]
  6343 | D:5      | Gained mutation: Your mind is acute. (Int +2) [potion of mutation]
  6521 | D:5      | Mangled by an ice beast

Skill      XL: |  1  2  3  4  5  6  7  8 |
---------------+-------------------------+-----
Dodging        | 2 |  2.0
Transmutations | 3 4 5 6 |  6.8
Unarmed Combat | 4 5 6 7 |  7.1
Poison Magic   | 2 4 6 |  6.2
Fighting       | |  1.0
Spellcasting   | |  2.3

Action                   |  1- 3 |  4- 6 |  7- 9 || total
-------------------------+-------+-------+-------++-------
Melee: Unarmed           |   144 |   171 |   164 ||   479
       Headbutt          |    18 |    15 |     8 ||    41
       Punch             |     1 |     1 |     1 ||     3
 Cast: Beastly Appendage |    25 |    20 |     8 ||    53
       Spider Form       |     1 |     7 |     9 ||    17
 Abil: Spit Poison       |       |       |     1 ||     1
  Use: Scroll            |       |     4 |       ||     4
       Potion            |       |     1 |     4 ||     5
 Stab: Sleeping          |       |       |     1 ||     1
  Eat: Chunk             |     2 |     6 |     5 ||    13
       Ration            |       |       |     1 ||     1
Armor: Robe              |    63 |    75 |    40 ||   178
       Skin              |       |     2 |     2 ||     4
Dodge: Dodged            |   126 |    78 |   123 ||   327
